[Event "Titled Tuesday Blitz June 27 Early 2023"]
[White "Liu, Xiangyi"]
[Black "Balint, Vilmos"]
[WhiteFideId "8605718"]
[BlackFideId "718050"]
[WhiteElo "2732"]
[BlackElo "2238"]
[Result "1-0"]
[Round "6"]
[TimeControl "180+2"]
[Date "2023.06.27"]
[WhiteClock "0:01:18"]
[BlackClock "0:01:36"]
[Board "118"]

1. b3 a5 2. e4 a4 3. Bb2 Nf6 4. e5 Nd5 5. c4 Nb6 6. d4 d6 7. Nf3 Nc6 8. e6 fxe6 9. Bd3 e5 10. dxe5 dxe5 11. Ng5 g6 12. Nxh7 Rxh7 13. Bxg6+ Rf7 14. Qh5 Be6 15. O-O axb3 16. axb3 Rxa1 17. Bxa1 Nd4 18. f4 Qd7 19. fxe5 Kd8 20. Bxf7 Bg4 21. Qh8 Ne2+ 22. Kh1 Qd3 23. Qxf8+ 1-0


[Site "https://www.chess.com"]

[Event "Titled Tuesday Blitz June 27 Early 2023"]
[White "Mazurkiewicz, Michal"]
[Black "Liyanage, Ranindu Dilshan"]
[WhiteFideId "1124943"]
[BlackFideId "9915834"]
[WhiteElo "2460"]
[BlackElo "2664"]
[Result "0-1"]
[Round "6"]
[TimeControl "180+2"]
[Date "2023.06.27"]
[WhiteClock "0:00:00"]
[BlackClock "0:01:29"]
[Board "119"]

1. e4 g6 2. d4 Bg7 3. Nf3 d6 4. Nc3 a6 5. a4 Nf6 6. g3 b6 7. Bg2 Bb7 8. Qe2 O-O 9. O-O Nc6 10. e5 Ne8 11. e6 Nxd4 12. exf7+ Rxf7 13. Nxd4 Bxg2 14. Kxg2 Bxd4 15. Nd5 Qd7 16. c3 Bg7 17. Re1 e5 18. Be3 Nf6 19. Qc4 Raf8 20. Nxf6+ Bxf6 21. Qxa6 Bg5 22. Qe2 Qc6+ 23. Kg1 Bxe3 24. Qxe3 Rf3 25. Qe2 h5 26. h4 Qc5 27. Kg2 Rxf2+ 0-1


[Site "https://www.chess.com"]

[Event "Titled Tuesday Blitz June 27 Early 2023"]
[White "Aldokhin, Ivan"]
[Black "LangesNasenhaar"]
[WhiteFideId "24115720"]
[WhiteElo "2611"]
[BlackElo "2449"]
[Result "0-1"]
[Round "6"]
[TimeControl "180+2"]
[Date "2023.06.27"]
[WhiteClock "0:00:07"]
[BlackClock "0:00:15"]
[Board "121"]

1. e4 d6 2. d4 Nf6 3. Nc3 e5 4. Nf3 Nbd7 5. Bc4 Be7 6. g4 exd4 7. Qxd4 O-O 8. g5 Ng4 9. Be3 c6 10. O-O-O b5 11. Be2 Nxe3 12. Qxe3 Qb6 13. Nd4 Ne5 14. f4 Nc4 15. Bxc4 bxc4 16. f5 f6 17. g6 h6 18. Nce2 Rb8 19. Qc3 d5 20. exd5 cxd5 21. a3 Bd6 22. Rhf1 Be5 23. Nf4 Rd8 24. Rd2 Bxf5 25. Nxd5 Rxd5 26. Rxf5 Bxd4 27. Qxc4 Qxb2+ 28. Kd1 Qa1+ 29. Ke2 Re8+ 30. Kf3 Qh1+ 31. Kg4 Qe4+ 32. Rf4 Qxg6+ 33. Kf3 Qh5+ 34. Kg2 Kh8 35. Rfxd4 Rg5+ 36. Kf1 Qh3+ 37. Kf2 Qxh2+ 38. Kf3 Rg3+ 39. Kf4 Qh4+ 40. Kf5 Rg5# 0-1


[Site "https://www.chess.com"]

[Event "Titled Tuesday Blitz June 27 Early 2023"]
[White "Rios Escobar, Adan"]
[Black "MKlose11"]
[WhiteFideId "3403645"]
[WhiteElo "2444"]
[BlackElo "2596"]
[Result "0-1"]
[Round "6"]
[TimeControl "180+2"]
[Date "2023.06.27"]
[WhiteClock "0:00:00"]
[BlackClock "0:00:51"]
[Board "122"]

1. d4 Nf6 2. g3 c5 3. d5 b5 4. a4 b4 5. c4 bxc3 6. Nxc3 d6 7. e4 g6 8. Bb5+ Bd7 9. Nf3 Bg7 10. e5 dxe5 11. Nxe5 O-O 12. O-O a6 13. Bxd7 Nfxd7 14. Nc6 Nxc6 15. dxc6 Ne5 16. Be3 c4 17. Qxd8 Rfxd8 18. c7 Rd7 19. Bb6 Nd3 20. Rfd1 Rc8 21. a5 e6 22. Ra4 Rdxc7 23. Bxc7 Rxc7 24. Rd2 h5 25. Nd1 Nxb2 26. Nxb2 c3 27. Rd8+ Kh7 28. Nd3 Rb7 29. Rc4 Rb5 30. Rdc8 Rxa5 31. Rxc3 Bxc3 32. Rxc3 Kg7 33. Rc7 Kf6 34. Ra7 h4 35. f4 h3 36. Ne5 Kf5 37. Rxf7+ Ke4 38. Rd7 Ra1+ 39. Kf2 Ra2+ 40. Ke1 Rxh2 41. Nxg6 Rg2 42. Rh7 h2 43. Kf1 Rg1+ 44. Kf2 h1=Q 45. Rxh1 Rxh1 0-1


[Site "https://www.chess.com"]

[Event "Titled Tuesday Blitz June 27 Early 2023"]
[White "Piesik, Piotr"]
[Black "Pandey Srishti"]
[WhiteFideId "1136194"]
[BlackFideId "35093290"]
[WhiteElo "2595"]
[BlackElo "2436"]
[Result "0-1"]
[Round "6"]
[TimeControl "180+2"]
[Date "2023.06.27"]
[WhiteClock "0:00:17"]
[BlackClock "0:00:05"]
[Board "123"]

1. Nf3 Nf6 2. g3 g6 3. Bg2 Bg7 4. O-O O-O 5. d4 d6 6. Nbd2 Nbd7 7. e4 e5 8. dxe5 Nxe5 9. Nxe5 dxe5 10. Qe2 c6 11. a4 Qc7 12. Nc4 Be6 13. Be3 Rfd8 14. a5 Nd7 15. Rfd1 b5 16. axb6 axb6 17. Rxa8 Rxa8 18. h4 b5 19. Nd2 c5 20. Qxb5 Rb8 21. Qd3 Rxb2 22. Nc4 Rb4 23. Qd6 Qxd6 24. Nxd6 Bf8 25. Bf1 Rb2 26. Bc4 Bxc4 27. Nxc4 Rxc2 28. Na5 Nf6 29. Rd8 Kg7 30. f3 c4 31. Rc8 c3 32. Nc4 Nd7 33. Rc7 Nb8 34. Nxe5 Bd6 35. Rxf7+ Kg8 36. Bh6 Rd2 37. Rf6 Rd1+ 38. Kg2 c2 39. Nc4 Be7 40. Rb6 Nd7 41. Rb7 Bf8 42. Bf4 Nc5 43. Rc7 Nd3 44. Be3 Re1 45. Bg5 h6 46. Nb6 hxg5 47. Rxc2 gxh4 48. gxh4 Rb1 49. Rd2 Nf4+ 50. Kg3 Nh5+ 51. Kg4 Rxb6 0-1


[Site "https://www.chess.com"]

[Event "Titled Tuesday Blitz June 27 Early 2023"]
[White "Spata, German"]
[Black "Lacasa Diaz, Jose Antonio"]
[WhiteFideId "113026"]
[BlackFideId "2203375"]
[WhiteElo "2592"]
[BlackElo "2434"]
[Result "1-0"]
[Round "6"]
[TimeControl "180+2"]
[Date "2023.06.27"]
[WhiteClock "0:01:35"]
[BlackClock "0:00:14"]
[Board "124"]

1. Nf3 d5 2. e3 e6 3. c4 c5 4. cxd5 exd5 5. d4 Nc6 6. Nc3 Nf6 7. Be2 cxd4 8. Nxd4 Bd6 9. O-O O-O 10. Nf3 Bg4 11. b3 Qe7 12. Bb2 Rad8 13. Nb5 Bb8 14. Rc1 Ne4 15. Ba3 Qf6 16. Bxf8 Kxf8 17. Nbd4 Qd6 18. g3 Bh3 19. Re1 Re8 20. Nxc6 bxc6 21. Qc2 c5 22. Nd2 Nxf2 23. Kxf2 Qf6+ 24. Nf3 Bd6 25. Qxh7 Bf5 26. Qh8+ Ke7 27. Qh4 1-0


[Site "https://www.chess.com"]

[Event "Titled Tuesday Blitz June 27 Early 2023"]
[White "KorolDimitriy75"]
[Black "robertoalejandro10"]
[WhiteElo "2433"]
[BlackElo "2591"]
[Result "0-1"]
[Round "6"]
[TimeControl "180+2"]
[Date "2023.06.27"]
[WhiteClock "0:00:00"]
[BlackClock "0:00:11"]
[Board "125"]

1. d4 Nf6 2. c4 c5 3. d5 d6 4. Nc3 g6 5. e4 Bg7 6. h3 O-O 7. Nf3 Na6 8. Bd3 Nc7 9. O-O Rb8 10. a4 a6 11. a5 b5 12. axb6 Rxb6 13. Re1 Bd7 14. e5 Nfe8 15. Qc2 Qb8 16. Ra2 e6 17. Bf4 Qb7 18. exd6 Nxd6 19. Na4 Bxa4 20. Qxa4 exd5 21. Qd7 Ne6 22. Qxb7 Nxb7 23. Bc1 d4 24. Be4 Nd6 25. Bd5 Nc7 26. Bf4 Nxd5 27. cxd5 c4 28. Re7 d3 29. Rd7 Nf5 30. d6 Nd4 31. Nxd4 Bxd4 32. Bh6 Re8 33. Re7 Rd8 34. d7 Rbb8 35. Rxa6 Bxb2 36. Rc6 c3 0-1


[Site "https://www.chess.com"]

[Event "Titled Tuesday Blitz June 27 Early 2023"]
[White "Yurovskykh, Oleksandr"]
[Black "Herman, Daniel"]
[WhiteFideId "14134020"]
[BlackFideId "30935008"]
[WhiteElo "2584"]
[BlackElo "2432"]
[Result "1-0"]
[Round "6"]
[TimeControl "180+2"]
[Date "2023.06.27"]
[WhiteClock "0:00:19"]
[BlackClock "0:00:13"]
[Board "126"]

1. b3 d5 2. Nf3 Bg4 3. Ne5 Bf5 4. Bb2 e6 5. g3 Nf6 6. Bg2 Nbd7 7. Nxd7 Qxd7 8. O-O Be7 9. d3 O-O 10. Nd2 a5 11. a4 c6 12. e4 dxe4 13. Nxe4 Nd5 14. Qe2 Rfe8 15. Rfe1 Bb4 16. Rf1 e5 17. Rac1 Bh3 18. c3 Bf8 19. Rcd1 Bxg2 20. Kxg2 f5 21. Nd2 Qf7 22. c4 Nb4 23. Bxe5 Nxd3 24. Qxd3 Rxe5 25. Nf3 Ree8 26. Qd7 Re7 27. Qd4 Rae8 28. Rfe1 Rxe1 29. Rxe1 Rxe1 30. Nxe1 Qe6 31. Nd3 g6 32. Nf4 Qd6 33. Qxd6 Bxd6 34. Nd3 Kf7 35. h3 Ke6 36. Kf3 h5 37. h4 Kf6 38. Ke3 Ke6 39. Kd4 b6 40. c5 Bc7 41. Kc4 Kf6 42. cxb6 Bxb6 43. b4 axb4 44. Kxb4 g5 45. a5 Ba7 46. Kc4 gxh4 47. gxh4 Ke6 48. f3 Kd6 49. Nf4 Ke5 50. Nxh5 Bf2 51. a6 Ke6 52. Nf4+ Kf6 53. Nd3 Ba7 54. Nb4 Bb6 55. Nxc6 Kg6 56. a7 Bxa7 57. Nxa7 Kh5 58. Kd3 Kxh4 59. Ke2 Kg3 60. Nb5 Kf4 61. Nd4 Ke5 62. Ke3 Kf6 63. Kf4 Kg6 64. Nxf5 Kf6 65. Ne3 Kf7 66. Ke4 Kg7 67. f4 Kh7 68. f5 Kh8 69. Ke5 Kg8 70. Ke6 Kf8 71. f6 Ke8 72. f7+ Kf8 73. Nc4 Kg7 74. Ke7 Kh8 75. f8=Q+ Kh7 76. Qf6 Kg8 77. Qg5+ Kh7 78. Kf7 Kh8 79. Qg7# 1-0


[Site "https://www.chess.com"]

[Event "Titled Tuesday Blitz June 27 Early 2023"]
[White "Itkis, Boris"]
[Black "Pinheiro, Iung Alicio de O."]
[WhiteFideId "1209167"]
[BlackFideId "2104350"]
[WhiteElo "2430"]
[BlackElo "2572"]
[Result "1-0"]
[Round "6"]
[TimeControl "180+2"]
[Date "2023.06.27"]
[WhiteClock "0:00:53"]
[BlackClock "0:00:00"]
[Board "127"]

1. c4 e5 2. Nf3 Nc6 3. Nc3 Bb4 4. Nd5 a5 5. a3 Bc5 6. e3 d6 7. d4 Ba7 8. dxe5 dxe5 9. b3 Nge7 10. Bb2 f6 11. Qc2 Be6 12. Rd1 Qc8 13. Bd3 Nxd5 14. cxd5 Bxd5 15. Bxh7 Bf7 16. Bf5 Be6 17. Bg6+ Bf7 18. Bxf7+ Kxf7 19. Qc4+ Qe6 20. Rd7+ Ne7 21. Qxe6+ Kxe6 22. Rxc7 Rhc8 23. Rxb7 Bc5 24. O-O Kd6 25. Rc1 Rc6 26. h4 Rac8 27. h5 Nd5 28. Rd1 Ke6 29. Rxg7 Be7 30. h6 Rc2 31. Rb1 Rh8 32. h7 Bf8 33. Rg8 Rxh7 34. Rxf8 Rhc7 35. Re8+ Kf7 36. Rd8 Ke6 37. Rd1 Nb6 38. R8d6+ 1-0


[Site "https://www.chess.com"]

[Event "Titled Tuesday Blitz June 27 Early 2023"]
[White "WindWhistler11"]
[Black "Rom, Jasper"]
[BlackFideId "2023733"]
[WhiteElo "2568"]
[BlackElo "2430"]
[Result "1-0"]
[Round "6"]
[TimeControl "180+2"]
[Date "2023.06.27"]
[WhiteClock "0:00:07"]
[BlackClock "0:00:00"]
[Board "128"]

1. Nf3 d5 2. g3 Nf6 3. c4 e6 4. Bg2 Be7 5. O-O O-O 6. b3 b6 7. Bb2 Bb7 8. e3 Na6 9. Qe2 Nc5 10. d4 Nce4 11. Ne5 c5 12. f3 Nd6 13. dxc5 bxc5 14. Rd1 Qc7 15. cxd5 exd5 16. Na3 Qb6 17. g4 h6 18. Rac1 Rac8 19. Qf2 Rfe8 20. h4 Red8 21. g5 hxg5 22. hxg5 Nd7 23. Nxd7 Rxd7 24. Bh3 Rdd8 25. Bxc8 Rxc8 26. g6 fxg6 27. Qg3 Nf5 28. Qf4 Qe6 29. Nc2 Bd6 30. Qg5 Re8 31. Re1 Be7 32. Qg4 Qf7 33. b4 cxb4 34. Be5 Bc5 35. Bf4 d4 36. exd4 Nxd4 37. Nxd4 Bxd4+ 38. Kg2 Rf8 39. Kg3 Bc3 40. Re2 Bd5 41. Rh1 Bc4 42. Qh4 Qf5 43. Re7 Qxf4+ 44. Qxf4 1-0


[Site "https://www.chess.com"]

[Event "Titled Tuesday Blitz June 27 Early 2023"]
[White "Omariev, Maksim"]
[Black "Domingo Nunez, Ruben"]
[WhiteFideId "4193423"]
[BlackFideId "22245570"]
[WhiteElo "2425"]
[BlackElo "2567"]
[Result "0-1"]
[Round "6"]
[TimeControl "180+2"]
[Date "2023.06.27"]
[WhiteClock "0:00:02"]
[BlackClock "0:00:59"]
[Board "129"]

1. g4 d5 2. Bg2 c6 3. h3 h5 4. g5 e5 5. d4 Bd6 6. dxe5 Bxe5 7. Nf3 Bd6 8. Qd4 Kf8 9. b3 Qb6 10. Bb2 Qxd4 11. Nxd4 h4 12. Nd2 Na6 13. e4 Ne7 14. exd5 cxd5 15. O-O-O Bd7 16. Kb1 Rh5 17. N2f3 Nc5 18. c4 Ne4 19. Rhf1 Nxg5 20. cxd5 Nxh3 21. Ne2 Re8 22. Nc3 Nf4 23. Bh1 h3 24. Nd2 Nd3 25. Ba1 Bf5 26. Nde4 Nc5 27. f3 Nxe4 28. fxe4 Bg6 29. Nb5 Nc8 30. Bd4 Kg8 31. Nxa7 Nxa7 32. Bxa7 Bxe4+ 33. Bxe4 Rxe4 34. Bb6 h2 35. Rh1 Ree5 36. a4 Rxd5 37. Rxd5 Rxd5 38. a5 g5 39. Bg1 Rd1+ 40. Kc2 Rxg1 41. Rxh2 Bxh2 0-1


[Site "https://www.chess.com"]

[Event "Titled Tuesday Blitz June 27 Early 2023"]
[White "Large, Peter G"]
[Black "Skliarov, Viktor"]
[WhiteFideId "400866"]
[BlackFideId "14106736"]
[WhiteElo "2422"]
[BlackElo "2565"]
[Result "0-1"]
[Round "6"]
[TimeControl "180+2"]
[Date "2023.06.27"]
[WhiteClock "0:00:05"]
[BlackClock "0:00:23"]
[Board "130"]

1. e4 c5 2. Nc3 Nc6 3. Nf3 Nf6 4. Bb5 Nd4 5. e5 Nxb5 6. Nxb5 Nd5 7. Qe2 a6 8. Nd6+ exd6 9. exd6+ Be7 10. O-O O-O 11. dxe7 Qxe7 12. Qxe7 Nxe7 13. d4 cxd4 14. Bf4 Nc6 15. Bd6 Re8 16. Rfe1 Rxe1+ 17. Rxe1 h6 18. Bc5 b5 19. Nxd4 Nxd4 20. Bxd4 Bb7 21. Re7 Bd5 22. Rxd7 Bxa2 23. f3 Rc8 24. c3 Be6 25. Ra7 Rc6 26. g4 Bc4 27. Kf2 Re6 28. b4 h5 29. gxh5 Rh6 30. Kg3 Rxh5 31. Rxa6 Rg5+ 32. Kf2 Rh5 33. Kg3 Rg5+ 34. Kh4 Rg2 35. h3 Kh7 36. Ra1 f6 37. Ra7 Kh6 38. Be3+ g5+ 39. Bxg5+ fxg5# 0-1


[Site "https://www.chess.com"]

[Event "Titled Tuesday Blitz June 27 Early 2023"]
[White "Mateus, Alejandro"]
[Black "Gontcharov, Vladislav"]
[WhiteFideId "4402529"]
[BlackFideId "4123492"]
[WhiteElo "2421"]
[BlackElo "2560"]
[Result "0-1"]
[Round "6"]
[TimeControl "180+2"]
[Date "2023.06.27"]
[WhiteClock "0:00:05"]
[BlackClock "0:00:41"]
[Board "131"]

1. e4 e6 2. d4 d5 3. Nd2 Be7 4. Bd3 Nf6 5. e5 Nfd7 6. Ndf3 c5 7. c3 Nc6 8. Ne2 cxd4 9. cxd4 f6 10. Nf4 Bb4+ 11. Bd2 Qe7 12. exf6 Nxf6 13. O-O O-O 14. Re1 Bd6 15. Ne5 Nxd4 16. Nh5 Bxe5 17. Rxe5 Nc6 18. Rg5 Rf7 19. Nxf6+ Qxf6 20. Qh5 Qxf2+ 21. Kh1 Qxd2 22. Bxh7+ Kf8 23. Bg6 Rf2 24. Qh8+ Ke7 25. Qxg7+ Kd6 26. Be8 Qf4 27. h3 Qf6 28. Qg8 Bd7 0-1


[Site "https://www.chess.com"]

[Event "Titled Tuesday Blitz June 27 Early 2023"]
[White "Ai, Evan"]
[Black "Sreyas Payyappat"]
[WhiteFideId "2094770"]
[BlackFideId "46674969"]
[WhiteElo "2413"]
[BlackElo "2555"]
[Result "1-0"]
[Round "6"]
[TimeControl "180+2"]
[Date "2023.06.27"]
[WhiteClock "0:00:41"]
[BlackClock "0:00:05"]
[Board "132"]

1. d4 Nf6 2. c4 c5 3. d5 e6 4. Nc3 exd5 5. cxd5 d6 6. Nf3 g6 7. g3 Bg7 8. Bg2 O-O 9. O-O Re8 10. Re1 Bf5 11. Nh4 Ne4 12. Nxe4 Bxe4 13. f3 g5 14. Bxg5 Qxg5 15. fxe4 Bxb2 16. Rb1 Bd4+ 17. e3 Bxe3+ 18. Kh1 Nd7 19. Nf5 Bd4 20. Nxd6 Re7 21. Nf5 Re5 22. Rxb7 Nf6 23. Nxd4 cxd4 24. Qxd4 Nxd5 25. Rf1 Nf6 26. Rxa7 Rae8 27. Qf2 R8e6 28. Bh3 Rd6 29. Bf5 Rd2 30. Qf4 Qxf4 31. gxf4 Rb5 32. Ra8+ Kg7 33. Rg1+ Kh6 34. Ra6 Rbb2 35. Rxf6+ Kh5 36. Bg4+ Kh4 37. Rh6# 1-0


[Site "https://www.chess.com"]

[Event "Titled Tuesday Blitz June 27 Early 2023"]
[White "Mrudul Dehankar"]
[Black "Tologon tegin, Semetei"]
[WhiteFideId "25096990"]
[BlackFideId "13800574"]
[WhiteElo "2411"]
[BlackElo "2541"]
[Result "1-0"]
[Round "6"]
[TimeControl "180+2"]
[Date "2023.06.27"]
[WhiteClock "0:00:07"]
[BlackClock "0:00:00"]
[Board "133"]

1. e4 e6 2. d4 b6 3. Nc3 Bb7 4. Nf3 Nf6 5. Bd3 Bb4 6. e5 Ne4 7. Bd2 Nxd2 8. Qxd2 d6 9. a3 Bxc3 10. Qxc3 O-O 11. O-O-O Nd7 12. h4 Bxf3 13. gxf3 dxe5 14. dxe5 Qc8 15. Be4 Rb8 16. Bc6 Rd8 17. h5 h6 18. Rhg1 Nf8 19. Rde1 b5 20. Re4 Qa6 21. Reg4 g6 22. hxg6 fxg6 23. f4 b4 24. Rxg6+ Nxg6 25. Rxg6+ Kh7 26. Qh3 Kxg6 27. Qxe6+ Kg7 28. Qf6+ Kg8 29. Bd5+ Kh7 30. Qxa6 Rb6 31. Qxa7 bxa3 32. Qxc7+ 1-0


[Site "https://www.chess.com"]

[Event "Titled Tuesday Blitz June 27 Early 2023"]
[White "Kopczynski, Michal"]
[Black "Yaksin, Oleg"]
[WhiteFideId "1124200"]
[BlackFideId "24105880"]
[WhiteElo "2410"]
[BlackElo "2540"]
[Result "0-1"]
[Round "6"]
[TimeControl "180+2"]
[Date "2023.06.27"]
[WhiteClock "0:00:02"]
[BlackClock "0:00:06"]
[Board "134"]

1. e4 c5 2. d4 cxd4 3. c3 dxc3 4. Nxc3 Nc6 5. f4 d6 6. Nf3 Nf6 7. Bd3 g6 8. O-O Bg7 9. Kh1 O-O 10. Qe1 Bg4 11. Be3 Bxf3 12. Rxf3 e6 13. Rh3 d5 14. e5 Ng4 15. Bg1 f5 16. exf6 Qxf6 17. Bc5 Rf7 18. Ne2 Re8 19. Qg3 Nh6 20. Rd1 Nf5 21. Bxf5 Qxf5 22. Qh4 Bxb2 23. Bd6 Qc2 24. Re1 Qd2 25. Ng1 Bf6 26. Qg3 Qxa2 27. f5 Rg7 28. fxe6 d4 29. Qf4 Rxe6 30. Rf1 Qd5 31. Rhf3 Qxd6 32. Qh6 Rf7 33. h4 Bg7 34. Qg5 Rxf3 35. Nxf3 d3 36. h5 h6 37. Qb5 Nd4 38. Qxd3 Nxf3 39. Qxf3 gxh5 40. Qf7+ Kh7 41. Qxh5 Rg6 42. Rf7 Qg3 43. Qe2 Qh4+ 44. Kg1 Qd4+ 45. Kh1 b5 46. Qxb5 Qd1+ 47. Kh2 Qd6+ 48. Kh1 a6 49. Qf5 Qe6 50. Qf3 Rf6 51. Qd3+ Kg8 52. Ra7 Qe1+ 53. Kh2 Qe5+ 54. Kh1 Rf8 55. Rxa6 Qe1+ 56. Kh2 Be5+ 57. Kh3 Qh1+ 58. Kg4 Rf4+ 59. Kg3 Qh4# 0-1


[Site "https://www.chess.com"]

[Event "Titled Tuesday Blitz June 27 Early 2023"]
[White "Chor, Kevin"]
[Black "BenchGM"]
[WhiteFideId "2090740"]
[WhiteElo "2538"]
[BlackElo "2408"]
[Result "1-0"]
[Round "6"]
[TimeControl "180+2"]
[Date "2023.06.27"]
[WhiteClock "0:01:39"]
[BlackClock "0:01:52"]
[Board "135"]

1. e4 e6 2. d4 d5 3. Nd2 c5 4. exd5 Qxd5 5. Ngf3 cxd4 6. Bc4 Qd7 7. O-O Nc6 8. Nb3 Nf6 9. Nfxd4 Nxd4 10. Nxd4 a6 11. Be2 Bc5 12. Nb3 Bd6 13. c4 Qc7 14. h3 O-O 15. Bg5 Ne4 16. Be3 Rd8 17. Qc2 Nc5 18. Rfd1 Nxb3 19. Qxb3 Bd7 20. Bb6 Qc6 21. Bf3 Qc8 22. Bxd8 Qxd8 23. Rxd6 1-0


[Site "https://www.chess.com"]

[Event "Titled Tuesday Blitz June 27 Early 2023"]
[White "kuanysh1981"]
[Black "Dinu, Dumitru-Daniel"]
[BlackFideId "1208403"]
[WhiteElo "2536"]
[BlackElo "2403"]
[Result "0-1"]
[Round "6"]
[TimeControl "180+2"]
[Date "2023.06.27"]
[WhiteClock "0:00:30"]
[BlackClock "0:00:59"]
[Board "136"]

1. d4 Nf6 2. Nf3 e6 3. g3 b5 4. Bg2 Bb7 5. O-O c5 6. dxc5 Bxc5 7. Bf4 O-O 8. Bd6 Bxd6 9. Qxd6 Ne4 10. Qd3 Qb6 11. a4 bxa4 12. Nc3 Nxc3 13. Qxc3 Rc8 14. Qd3 Ba6 15. Qe4 d5 16. Qh4 h6 17. Rxa4 Bxe2 18. Re1 Bxf3 19. Bxf3 Rxc2 20. Re3 Nc6 21. Rg4 Ne5 22. Rb4 Qxe3 0-1


[Site "https://www.chess.com"]

[Event "Titled Tuesday Blitz June 27 Early 2023"]
[White "Hoffmann, Asa"]
[Black "Belov, Alexei"]
[WhiteFideId "2001470"]
[BlackFideId "4128206"]
[WhiteElo "2401"]
[BlackElo "2534"]
[Result "0-1"]
[Round "6"]
[TimeControl "180+2"]
[Date "2023.06.27"]
[WhiteClock "0:00:53"]
[BlackClock "0:00:59"]
[Board "137"]

1. d4 e6 2. e4 d5 3. e5 c5 4. Nf3 cxd4 5. Qxd4 Nc6 6. Qf4 f5 7. h4 Nh6 8. Bd3 Ng4 9. O-O Bc5 10. c3 Qb6 11. Qg3 Qc7 12. Bf4 h6 13. b4 Bb6 14. Nbd2 Qf7 15. Rae1 Qh5 16. Nb3 g5 17. Bd2 f4 18. Qh3 Nxf2 19. Rxf2 g4 20. Qh1 gxf3 21. Bxf4 Bxf2+ 22. Kxf2 Bd7 23. gxf3 O-O-O 24. Nc5 Rdf8 25. Bg3 Rhg8 26. Qh3 Qxf3+ 0-1


[Site "https://www.chess.com"]

[Event "Titled Tuesday Blitz June 27 Early 2023"]
[White "Ljukin, Sergei"]
[Black "Pinto, Daniel"]
[WhiteFideId "14102200"]
[BlackFideId "3303144"]
[WhiteElo "2534"]
[BlackElo "2400"]
[Result "1-0"]
[Round "6"]
[TimeControl "180+2"]
[Date "2023.06.27"]
[WhiteClock "0:00:31"]
[BlackClock "0:00:00"]
[Board "138"]

1. e4 e5 2. Nf3 Nc6 3. Bb5 Nf6 4. Qe2 d6 5. c3 Be7 6. O-O O-O 7. d4 exd4 8. cxd4 d5 9. e5 Ne4 10. Nc3 Nxc3 11. bxc3 f6 12. h3 fxe5 13. Nxe5 Nxe5 14. dxe5 Bf5 15. Bd3 Qd7 16. Be3 Qe6 17. f4 c5 18. Rad1 Rfd8 19. Bxf5 Qxf5 20. g4 Qe4 21. Qf3 Qc4 22. f5 Qxc3 23. Rxd5 Rxd5 24. Qxd5+ Kh8 25. Qe4 Rd8 26. g5 Qd3 27. Qxd3 Rxd3 28. Bf4 c4 29. f6 Bc5+ 30. Kg2 Kg8 31. e6 gxf6 32. gxf6 Rd2+ 33. Bxd2 1-0


[Site "https://www.chess.com"]

[Event "Titled Tuesday Blitz June 27 Early 2023"]
[White "Mamedov, Edgar"]
[Black "Topalov, Aleksandar"]
[WhiteFideId "13739980"]
[BlackFideId "925659"]
[WhiteElo "2533"]
[BlackElo "2398"]
[Result "1-0"]
[Round "6"]
[TimeControl "180+2"]
[Date "2023.06.27"]
[WhiteClock "0:00:37"]
[BlackClock "0:00:46"]
[Board "139"]

1. d4 Nf6 2. Bg5 g6 3. Bxf6 exf6 4. e3 f5 5. g3 h5 6. Nf3 d6 7. Bg2 Nd7 8. O-O Nf6 9. c4 c6 10. Nc3 a5 11. Re1 Bg7 12. a3 O-O 13. b4 axb4 14. axb4 Bd7 15. Qb3 Qc7 16. b5 cxb5 17. Nxb5 Qb6 18. Nd2 d5 19. Rab1 Ne4 20. Nxe4 dxe4 21. c5 Qc6 22. Nd6 Ra7 23. Rec1 Be6 24. Qb6 Rfa8 25. Nxb7 Qd5 26. Nd6 Bf8 27. Bf1 Bxd6 28. Bc4 Qxc4 29. Rxc4 Bxc4 30. cxd6 Ra1 31. d7 Bd3 32. d8=Q+ Kg7 33. Qxa8 Rxb1+ 34. Qxb1 1-0


[Site "https://www.chess.com"]

[Event "Titled Tuesday Blitz June 27 Early 2023"]
[White "Turzo, Attila"]
[Black "Buscar, Michael"]
[WhiteFideId "704954"]
[BlackFideId "2603616"]
[WhiteElo "2526"]
[BlackElo "2398"]
[Result "1-0"]
[Round "6"]
[TimeControl "180+2"]
[Date "2023.06.27"]
[WhiteClock "0:00:20"]
[BlackClock "0:00:00"]
[Board "140"]

1. d4 d5 2. c4 e6 3. Nf3 c5 4. cxd5 exd5 5. Bg5 Nf6 6. Nc3 Be7 7. dxc5 Bxc5 8. Bxf6 Qxf6 9. Qxd5 Bb6 10. Qe5+ Qxe5 11. Nxe5 Nd7 12. Nxd7 Bxd7 13. e3 Ba5 14. Rc1 Rc8 15. Bd3 Be6 16. Ke2 Ke7 17. a3 a6 18. Ne4 Bd5 19. f3 Bb6 20. Nc3 Bc6 21. Be4 Ke6 22. Rhd1 Rhe8 23. Bxc6 Rxc6 24. Na4 Rec8 25. Nxb6 Rxc1 26. Nxc8 Rxc8 27. Rd2 Rc5 28. e4 Rh5 29. g3 Rxh2+ 30. Ke3 Rxd2 31. Kxd2 g5 32. g4 Kd6 33. Kd3 Kc5 34. Kc3 b6 35. b4+ Kb5 36. Kb3 Kc6 37. Kc4 f6 38. a4 Kd6 39. Kd4 Kc6 40. e5 fxe5+ 41. Kxe5 h6 42. Kf5 Kd5 43. Kg6 Kc4 44. Kxh6 Kxb4 45. Kxg5 Kxa4 46. f4 b5 47. f5 b4 48. f6 b3 49. f7 b2 50. f8=Q b1=Q 51. Kh6 Qh1+ 52. Kg6 a5 53. g5 Kb3 54. Qb8+ Kc3 55. Qc7+ Kb3 56. Qxa5 Qc6+ 57. Kf5 Qf3+ 58. Ke6 Qc6+ 59. Ke7 Qb7+ 60. Kf6 Qf3+ 61. Qf5 1-0


[Site "https://www.chess.com"]

[Event "Titled Tuesday Blitz June 27 Early 2023"]
[White "Roberson, Peter T"]
[Black "Szyszylo, Rafal"]
[WhiteFideId "412384"]
[BlackFideId "1109626"]
[WhiteElo "2526"]
[BlackElo "2393"]
[Result "1-0"]
[Round "6"]
[TimeControl "180+2"]
[Date "2023.06.27"]
[WhiteClock "0:00:03"]
[BlackClock "0:00:00"]
[Board "141"]

1. d4 d6 2. e4 Nf6 3. Qd3 e5 4. Be3 exd4 5. Bxd4 Nc6 6. Nc3 Nxd4 7. Qxd4 Be7 8. O-O-O O-O 9. Kb1 Be6 10. f4 c5 11. Qd2 b5 12. Bxb5 Rb8 13. f5 a6 14. fxe6 axb5 15. exf7+ Rxf7 16. Nf3 b4 17. Nd5 Nxe4 18. Qe3 Nf6 19. Rhe1 Nxd5 20. Rxd5 Bf6 21. Qe6 Qe7 22. Rxd6 Re8 23. Qg4 Qxd6 24. Rxe8+ Rf8 25. Qc4+ Kh8 26. Rxf8+ Qxf8 27. a4 bxa3 28. bxa3 Qd6 29. Qd3 Qb6+ 30. Kc1 Qb2+ 31. Kd1 h6 32. Nd2 Qe5 33. g3 Qh5+ 34. Qe2 Qh3 35. Ne4 Bd4 36. c3 Bg1 37. a4 Bxh2 38. a5 Bxg3 39. Qf3 1-0


[Site "https://www.chess.com"]

[Event "Titled Tuesday Blitz June 27 Early 2023"]
[White "Barbot, Pierre"]
[Black "Bruedigam, Martin"]
[WhiteFideId "663727"]
[BlackFideId "24608033"]
[WhiteElo "2383"]
[BlackElo "2523"]
[Result "0-1"]
[Round "6"]
[TimeControl "180+2"]
[Date "2023.06.27"]
[WhiteClock "0:00:00"]
[BlackClock "0:00:46"]
[Board "142"]

1. d4 Nf6 2. Nf3 e6 3. Bf4 b6 4. e3 Bb7 5. Nbd2 Be7 6. Bd3 d6 7. O-O Nbd7 8. h3 Nf8 9. c3 Ng6 10. Bh2 O-O 11. e4 c5 12. Qe2 a6 13. a4 Qc7 14. e5 Nd5 15. g3 cxd4 16. cxd4 dxe5 17. Nxe5 Rfc8 18. f4 Bb4 19. Rae1 Bxd2 20. Qxd2 b5 21. a5 Nxe5 22. fxe5 Ne7 23. Qg5 Nf5 24. g4 Nxd4 25. Qh5 g6 26. Qh6 Qc5 27. Rf6 Nf5+ 0-1


[Site "https://www.chess.com"]

[Event "Titled Tuesday Blitz June 27 Early 2023"]
[White "Mogirzan, Matei-Valeriu"]
[Black "TomLiu777"]
[WhiteFideId "1257455"]
[WhiteElo "2518"]
[BlackElo "2377"]
[Result "0-1"]
[Round "6"]
[TimeControl "180+2"]
[Date "2023.06.27"]
[WhiteClock "0:00:30"]
[BlackClock "0:00:18"]
[Board "143"]

1. e4 e6 2. d4 d5 3. Nd2 Be7 4. Ngf3 Nf6 5. e5 Nfd7 6. Bd3 c5 7. c3 Nc6 8. a3 a5 9. h4 cxd4 10. cxd4 Qb6 11. Qe2 Nxd4 12. Nxd4 Qxd4 13. Nf3 Qb6 14. Be3 Bc5 15. Bf4 h6 16. Rh3 Nb8 17. Rg3 g5 18. Bd2 Nc6 19. O-O-O Bd7 20. hxg5 Nd4 21. Nxd4 Bxd4 22. Bc3 Bxc3 23. bxc3 hxg5 24. Rxg5 Rc8 25. Qb2 Qd4 26. Kc2 Qxf2+ 27. Rd2 Ba4+ 28. Kb1 Qe3 29. Qxb7 Rh1+ 0-1


[Site "https://www.chess.com"]